 Dungeon Crawl Stone Soup version 0.20-a0-1122-gb7cbeb9 (webtiles) character file.

131 Kurtz the Poker (level 4, 0/35 HPs)
             Began as a Mummy Abyssal Knight on May 12, 2017.
             Was a Believer of Lugonu.
             Slain by an iron imp (6 damage)
             ... summoned by Natasha
             ... on level 3 of the Dungeon.
             The game lasted 00:02:50 (2505 turns).

Kurtz the Poker (Mummy Abyssal Knight)              Turns: 2505, Time: 00:02:52

Health: 0/35       AC:  7    Str: 15    XL:     4   Next: 91%
Magic:  5/5        EV:  9    Int: 11    God:    Lugonu [**....]
Gold:   121        SH:  0    Dex: 12    Spells: 3/3 levels left

rFire    x . .     SeeInvis .   i - +0 war axe
rCold    + + .     Gourm    .   (no shield)
rNeg     + + +     Faith    .   h - +0 scale mail
rPois    ∞         Spirit   .   (no helmet)
rElec    .         Reflect  .   (no cloak)
rCorr    .         Harm     .   d - +0 pair of gloves
MR       .....                  (no boots)
Stlth    +.........             (no amulet)
Regen    0.2/turn               c - ring of protection from cold
MPRegen  0.1/turn               l - ring of stealth

@: no status effects
A: no food or potions, fire vulnerability, cold resistance 1, negative energy
resistance 3, torment resistance, unbreathing
a: Depart the Abyss, Bend Space, Renounce Religion


You were on level 3 of the Dungeon.
You worshipped Lugonu.
Lugonu was pleased with you.
You were not hungry.

You visited 1 branch of the dungeon, and saw 3 of its levels.
You visited the Abyss 1 time.

You collected 121 gold pieces.

Inventory:

Hand Weapons
 a - a +1 spear
 i - a +0 war axe (weapon)
Armour
 b - a +0 leather armour
 d - a +0 pair of gloves (worn)
 h - a +0 scale mail (worn)
Jewellery
 c - a ring of protection from cold (left hand)
 l - a ring of stealth (right hand)
Wands
 k - a wand of lightning (3/15)
 n - a wand of random effects (12/48)
Scrolls
 e - 3 scrolls of amnesia {unknown}
 f - 2 scrolls of remove curse {unknown}
 g - a scroll of magic mapping {unknown}
 j - a scroll of blinking {unknown}
 m - a scroll of noise {unknown}


   Skills:
 - Level 3.0 Fighting
 * Level 1.8(2.9) Axes
 - Level 3.4(3.7) Polearms
 - Level 1.5 Armour
 - Level 0.7 Dodging
 * Level 2.0 Invocations


You had 3 spell levels left.
You didn't know any spells.

Dungeon Overview and Level Annotations

Branches:
Dungeon (3/15)

Altars:
Fedhas
Gozag
Nemelex Xobeh
Qazlal
Vehumet

Annotations:
D:3 Natasha


Innate Abilities, Weirdness & Mutations

You do not eat or drink.
Your flesh is vulnerable to fire.
You are immune to poison.
Your flesh is cold resistant. (rC+)
You are immune to negative energy. (rN+++)
You are immune to unholy pain and torment.
You can survive without breathing.


Message History

Natasha claws you but does no damage. Natasha misses you.
You hit Natasha.
Natasha is heavily wounded.
Natasha casts a spell.
You closely miss Natasha.
Natasha is heavily wounded.
Natasha mumbles some strange words.
You closely miss Natasha.
Natasha is heavily wounded.
You hit the white imp. Natasha claws you but does no damage.
The white imp hits you but does no damage.
Natasha barely misses you.
You closely miss Natasha.
Natasha is heavily wounded.
You hit the white imp. You barely miss the iron imp.
The white imp barely misses you. Natasha barely misses you.
The white imp hits you.
* * * LOW HITPOINT WARNING * * *
The white imp freezes you. You resist. The iron imp hits you.
You die...

#.......##.##
.#..§..§..#.†.
...##.≈##.#.##
.##.._#≈.)#...
##########≈≈^#.#...
###......(.≈≈......##
.....########.#.....
####.#5#.##### #[#.#.##
..>...h@.....####.#.....
##.#.#5#.###......###.#.
....................
#.#.#.####..###.##...
#.#.#.####..# #.##### .
#.#.......###.# #
#.#######..##.# #.
##.##.# #.####.##.#


You could see an iron imp, Natasha and a white imp.

Vanquished Creatures
  Ijyb (D:3)
  4 adders (D:2)
  A worm (D:2)
  6 leopard geckos
  2 giant cockroaches (D:2)
  7 goblins
  6 hobgoblins
  4 jackals
  2 quokkas (D:2)
  A ball python (D:3)
  6 bats
  5 frilled lizards
  9 kobolds
  8 rats (D:1)
62 creatures vanquished.

Notes
Turn   | Place    | Note
-------+----------+-------------------------------------------
     0 | Abyss:1  | Kurtz the Mummy Abyssal Knight began the quest for the Orb.
     0 | Abyss:1  | Reached XP level 1. HP: 18/18 MP: 2/2
    21 | D:1      | Escaped the Abyss
   168 | D:1      | Reached XP level 2. HP: 13/24 MP: 3/3
   598 | D:1      | Reached ** piety under Lugonu
   677 | D:1      | Reached XP level 3. HP: 10/29 MP: 4/4
  1612 | D:2      | Reached XP level 4. HP: 30/35 MP: 5/5
  1752 | D:2      | Found a radiant altar of Vehumet.
  1831 | D:2      | Reached skill level 1 in Axes
  1972 | D:2      | Found a sparkling altar of Nemelex Xobeh.
  1972 | D:2      | Found an opulent altar of Gozag.
  2176 | D:3      | Found a stormy altar of Qazlal.
  2178 | D:3      | Noticed Ijyb
  2207 | D:3      | Killed Ijyb
  2208 | D:3      | Found a blossoming altar of Fedhas.
  2488 | D:3      | Noticed Natasha
  2505 | D:3      | Slain by an iron imp

Vault maps used:
D:1:      zaba_arrival_water
D:2:      grunt_temple_overflow_opulence, marbit_many_paths
D:3:      grunt_temple_overflow_forces_of_nature,
          chequers_ecumenical_altar_simple, uniq_natasha, uniq_ijyb
Abyss:1:  due_exit_kobolds

Skill      XL: |  1  2  3  4 |
---------------+-------------+-----
Polearms       | 2 3 |  3.4
Axes           | 1 |  1.8
Invocations    | 2 |  2.0
Fighting       | |  3.0
Armour         | |  1.5
Dodging        | |  0.7

Action                   |  1- 3 |  4- 6 || total
-------------------------+-------+-------++-------
Melee: Spear             |   141 |       ||   141
       War axe           |    18 |   105 ||   123
 Stab: Sleeping          |     1 |       ||     1
Armor: Leather armour    |    31 |       ||    31
       Scale mail        |    19 |    65 ||    84
Dodge: Dodged            |    75 |    59 ||   134
